 Dungeon Crawl Stone Soup version 0.25.0-46-gbd7b0854d2 (webtiles) character file.

Game seed: 3339182839931925404

11 Ethylacetat the Gusty (level 2, 0/17 HPs)
             Began as an Octopode Air Elementalist on July 15, 2020.
             Slain by a kobold
             ... wielding a +0 short sword
              (3 damage)
             ... on level 1 of the Dungeon.
             The game lasted 00:02:10 (533 turns).

Ethylacetat the Gusty (Octopode Air Elementalist)    Turns: 533, Time: 00:02:11

Health: 0/17       AC:  1    Str:  7    XL:     2   Next: 29%
Magic:  1/5        EV: 13    Int: 17    God:
Gold:   11         SH:  0    Dex: 12    Spells: 4/5 levels left

rFire    . . .     SeeInvis .   (no weapon)
rCold    . . .     Gourm    .   (no shield)
rNeg     . . .     Faith    .   (helmet restricted)
rPois    .         Spirit   .   (no amulet)
rElec    .         Reflect  .   (no ring)
rCorr    .         Harm     .   (no ring)
MR       .....                  (no ring)
Stlth    +++.......             (no ring)
HPRegen  0.05/turn              (no ring)
MPRegen  0.09/turn              (no ring)
                                (no ring)
                                (no ring)

@: no status effects
A: almost no armour, stealthy swim, amphibious, 8 rings, constrict 8, camouflage
1, gelatinous body 1
a: no special abilities


You were on level 1 of the Dungeon.
You were not hungry.

You visited 1 branch of the dungeon, and saw 2 of its levels.

You collected 11 gold pieces.

Inventory:

Scrolls
 c - a scroll of teleportation {unknown}
 d - a scroll of identify {unknown}
Potions
 e - a potion of stabbing {unknown}
Comestibles
 a - 3 chunks of flesh
 b - a ration


   Skills:
 - Level 2.0 Dodging
 - Level 2.6 Stealth
 + Level 2.1 Spellcasting
 * Level 1.6 Conjurations
 * Level 3.2 Air Magic


You had 4 spell levels left.
You knew the following spells:

 Your Spells              Type           Power        Failure   Level  Hunger
a - Shock                 Conj/Air       ##..         7%          1    #......

Your spell library contained the following spells:

 Spells                   Type           Power        Failure   Level  Hunger
 Swiftness                Chrm/Air       #.......     14%         2    ###....
 Static Discharge         Conj/Air       ##......     22%         3    ###....
 Airstrike                Air            ##........   45%         4    #####..
 Lightning Bolt           Conj/Air       ##........   89%         5    ######.


Dungeon Overview and Level Annotations

Branches:
Dungeon (2/15)

Altars:


Innate Abilities, Weirdness & Mutations

You cannot wear most types of armour.
You are very stealthy in the water. (Stealth+)
You are amphibious.
You can wear up to eight rings at the same time.
You can use your tentacles to constrict eight enemies at once.
Your skin changes colour to match your surroundings (Stealth+).
Your rubbery body absorbs attacks. (AC +1, EV +1)


Message History

You constrict the hobgoblin.
You kill the hobgoblin!
The kobold misses you.
You tentacle-slap the kobold but do no damage.
Your grab misses the kobold. The kobold hits you but does no damage.
You closely miss the kobold. Your grab misses the kobold.
The kobold closely misses you.
You closely miss the kobold. Your grab misses the kobold.
The kobold hits you with a +0 short sword.
* * * LOW HITPOINT WARNING * * *
You tentacle-slap the kobold. You grab the kobold.
The kobold is moderately wounded.
You constrict the kobold, but do no damage.
The kobold hits you with a +0 short sword.
* * * LOW HITPOINT WARNING * * *
You release your grip on the kobold.
You see here a bat corpse.
You butcher the bat corpse.
The kobold hits you with a +0 short sword.
You die...

.............#####.........#
########.#.####..รท.#.######
#.#.#######.#.#
#.#.........#.# #
#.###########.######
########.######............#
........................(..#
>#######.######...)........#
#.# #.@K.........# ######.#
#............# #.#......#
#.%..?.......# #........#
#............# ##.......#
############# #.#####.# #
#.# #.##########
#.##........


You could see a kobold.

Vanquished Creatures
  2 leopard geckos (D:1)
  A giant cockroach (D:1)
  A hobgoblin (D:1)
  4 bats (D:1)
  A frilled lizard (D:1)
  A rat (D:1)
10 creatures vanquished.

Notes
Turn   | Place    | Note
-------+----------+-------------------------------------------
     0 | D:1      | Ethylacetat the Octopode Air Elementalist began the quest
                  | for the Orb.
     0 | D:1      | Reached XP level 1. HP: 11/11 MP: 3/3
    10 | D:1      | You fall into a shaft and drop 1 floor!
   323 | D:1      | Reached XP level 2. HP: 10/17 MP: 1/5
   533 | D:1      | Slain by a kobold

Illustrated notes

Levels and vault maps discovered:
D:1:      scummos_arrival_simple_fountains, layout_basic, minmay_pentomino_q2
D:2:      layout_basic, nicolae_overflow_hidden_temple,
          eat_drink_and_be_merry_uskayaw, chequers_ecumenical_altar_simple

Action                   || total
-------------------------++-------
Melee: Unarmed           ||    26
       Constrict         ||     8
       Tentacles         ||     1
 Cast: Shock             ||    11
 Stab: Sleeping          ||     1
Armor: Skin              ||     6
Dodge: Dodged            ||    40
